cohdb
Replays
Latest Replays
All Replays
Popular Replays
Top Player Replays
Match Explorer
How It Works
Community
CoH3 Stats
Reddit
Sign in to upload your games and track your stats! →
Sign in with Steam
Match 41145527
Unlisted
Match 41145527
Overview
Messages
Build Orders
End
Selects Italian Combined Arms Battlegroup
Selects Bersaglieri Squad
Bersaglieri Squad
Kradschützen Motorcycle Team
Bersaglieri Squad
Construct Light Support Kompanie
Bersaglieri Squad
2.5-tonne Medical Truck
Selects Bersaglieri Bolster
Fire Support Elements
le.IG 18 Mechanized Group
Flakvierling Half-track
Panzerjäger Squad
Selects Breda Model 30 Light Machine Guns
Bersaglieri Squad
Combat Half-tracks
Construct Panzerarmee Kommand
Selects Semovente da 75/18 Assault Gun
Selects Strafing Run
Panzer III L Medium Tank
TFEi
Cpt. Colter Stevens
Valdai
Good bye
Ares
A Rather Splendid Cromwell
dX
Luzinit24
0
0
Comments
sign in to comment!
No comments posted yet!